 Dungeon Crawl Stone Soup version 0.29.0-4-gdea44cf6ec (webtiles) character file.

Game seed: 1666574154423329545

109 qw the Ruffian (level 4, 0/36 HPs)
             Began as a Ghoul Fire Elementalist on Aug 29, 2022.
             Slain by a kobold
             ... wielding a +2 short sword of electrocution
              (16 damage)
             ... on level 3 of the Dungeon.
             The game lasted 00:02:05 (2833 turns).

qw the Ruffian (Ghoul Fire Elementalist)            Turns: 2833, Time: 00:02:06

Health: 0/36       AC:  9    Str: 13    XL:     4   Next: 89%
Magic:  5/5        EV:  9    Int: 10    God:
Gold:   76         SH:  0    Dex:  9    Spells: 5/6 levels left

rFire   . . .      SeeInvis .     - Unarmed
rCold   + . .      Faith    .   (no shield)
rNeg    + + +      Spirit   .   k - +0 scale mail
rPois   inf        Reflect  .   (no helmet)
rElec   .          Harm     .   (no cloak)
rCorr   .          Rampage  .   a - +2 pair of gloves
Will    .....                   (no boots)
Stlth   ..........              (no amulet)
HPRegen 0.00/turn               (no ring)
MPRegen 0.09/turn               (no ring)

@: inhibited regen
A: claws 1, cold resistance 1, negative energy resistance 3, inhibited
regeneration, torment resistance 2, devour on kill
a: no special abilities


You were on level 3 of the Dungeon.
You visited 1 branch of the dungeon, and saw 3 of its levels.

You collected 76 gold pieces.


Innate Abilities, Weirdness & Mutations

You are immune to poison.
You have sharp fingernails.
Your flesh is cold resistant. (rC+)
You are immune to negative energy. (rN+++)
You do not regenerate when monsters are visible.
You are immune to unholy pain and torment.
You thrive by killing the living.


   Skills:
 - Level 2.0 Fighting
 - Level 1.7 Dodging
 - Level 2.1 Stealth
 + Level 4.1 Unarmed Combat
 - Level 1.7 Spellcasting
 - Level 0.7 Conjurations
 - Level 2.4 Fire Magic


You had 5 spell levels left.
You knew the following spells:

 Your Spells              Type           Power      Damage    Failure   Level
a - Foxfire               Conj/Fire      16%        2x1d4     63%         1

Your spell library contained the following spells:

 Spells                   Type           Power      Damage    Failure   Level
 Scorch                   Fire           10%        2d6       65%         2
 Conjure Flame            Conj/Fire      4%         6-21      94%         3
 Inner Flame              Hex/Fire       3%         N/A       96%         3
 Flame Wave               Conj/Fire      4%         2d5       100%        4

Inventory:

Armour
 a - a +2 pair of gloves (worn)
 k - a +0 scale mail (worn)
Scrolls
 d - 2 scrolls of identify
 e - 3 scrolls of enchant armour
 h - a scroll of enchant weapon
Potions
 f - a potion of might {unknown}
 i - a potion of lignification {unknown}

Dungeon Overview and Level Annotations

Branches:
Dungeon (3/15)

Altars:

Shops:
D:1 :   D:2 =


Message History

The ball python bites you but does no damage.
The ball python constricts you.
You barely miss the ball python. The ball python bites you.
The ball python constricts you. The kobold hits you but does no damage.
The kobold barely misses you.
You barely miss the ball python.
The ball python bites you but does no damage.
The ball python constricts you. The kobold hits you with a +0 dagger.
The kobold hits you but does no damage.
You hit the ball python.
You kill the ball python!
The kobold hits you but does no damage. The kobold closely misses you.
You closely miss the goblin.
The goblin is moderately wounded.
The goblin unwields a +0 sling.
The goblin wields a +0 dagger.
The goblin hits you but does no damage. The kobold barely misses you.
The kobold hits you but does no damage.
You closely miss the goblin.
The goblin is moderately wounded.
The goblin hits you but does no damage. The kobold hits you but does no damage.
The kobold barely misses you.
You hit the goblin.
You kill the goblin!
You feel better.
You miss the kobold. The kobold hits you with a +0 dagger.
The kobold hits you with a +2 short sword of electrocution.
You are electrocuted!
2830 ||| Stepping ~*~*~tactically~*~*~ (outnumbered).
The kobold attacks as you move away! The kobold hits you but does no damage.
The kobold hits you but does no damage.
2831 ||| Stepping ~*~*~tactically~*~*~ (outnumbered).
The kobold attacks as you move away! The kobold hits you but does no damage.
2832 ||| Stepping ~*~*~tactically~*~*~ (outnumbered).
The kobold attacks as you move away! The kobold hits you but does no damage.
2833 ||| Stepping ~*~*~tactically~*~*~ (outnumbered).
The kobold attacks as you move away! The kobold hits you but does no damage.
The kobold attacks as you move away! The kobold hits you but does no damage.
You are electrocuted!
You die...

.. #. .. .####.. .##
#....... . .. #.#....... ...
#$ .....#.#.# ..
.....#.######........# .
.........J.##..#......## .
.......).gK@%..##..##...
...>......K)............####
............%.###..####...##
......................###.##
........................#...
..$..........[..........%...
........................##..
.....................##..
#......................


You could see an endoplasm, a hobgoblin and 2 kobolds.

Vanquished Creatures
  7 adders
  2 dart slugs (D:1)
  2 orcs (D:3)
  2 ball pythons
  3 endoplasms
  2 giant cockroaches (D:2)
  2 goblins
  A hobgoblin (D:1)
  2 quokkas (D:1)
  6 bats
  4 frilled lizards
  3 kobolds
  7 rats
43 creatures vanquished.

Notes
Turn   | Place    | Note
-------+----------+-------------------------------------------
     0 | D:1      | qw the Ghoul Fire Elementalist began the quest for the Orb.
     0 | D:1      | Reached XP level 1. HP: 14/14 MP: 2/2
     0 | D:1      | 0 ||| qw: Version: 0.1-a-90-g952f4b7
     0 | D:1      | 0 ||| qw: Game counter: 4159
     0 | D:1      | 0 ||| qw: Always use a shield: true
     0 | D:1      | 0 ||| qw: God list: Okawaru
     0 | D:1      | 0 ||| qw: Allow faded altars: false
     0 | D:1      | 0 ||| qw: Do Orc after D:15 true
     0 | D:1      | 0 ||| qw: Do second Lair branch before Depths: true
     0 | D:1      | 0 ||| qw: Lair rune preference: random
     0 | D:1      | 0 ||| qw: Plans: Normal
     0 | D:1      | 0 ||| PLANNING D:1-11
    38 | D:1      | Found a faded altar of an unknown god.
   193 | D:1      | 193 ||| Stepping ~*~*~tactically~*~*~ (stealth).
   195 | D:1      | 195 ||| Stepping ~*~*~tactically~*~*~ (stealth).
   199 | D:1      | 199 ||| Stepping ~*~*~tactically~*~*~ (stealth).
   202 | D:1      | 202 ||| Stepping ~*~*~tactically~*~*~ (hiding).
   213 | D:1      | Reached skill level 1 in Unarmed Combat
   408 | D:1      | Reached XP level 2. HP: 21/22 MP: 3/3
   483 | D:1      | Reached skill level 1 in Fighting
   489 | D:1      | 489 ||| Stepping ~*~*~tactically~*~*~ (stealth).
   639 | D:1      | Found Wimeatan's Book Shop.
   717 | D:1      | Reached skill level 2 in Unarmed Combat
   775 | D:1      | HP: 5/23 [quokka (5)]
   777 | D:1      | HP: 2/23 [quokka (3)]
  1418 | D:1      | 1418 ||| UPGRADING to +0 scale mail.
  1428 | D:1      | 1428 ||| DROPPING +0 robe.
  1429 | D:1      | 1429 ||| DROPPING ring of flight.
  1430 | D:1      | 1430 ||| READING 3 scrolls labelled ZILUCS MUTRA.
  1431 | D:1      | 1431 ||| READING scroll labelled CAMESOKEADD.
  1432 | D:1      | 1432 ||| READING 2 scrolls labelled NAVVEA CIKAF.
  1433 | D:1      | 1433 ||| READING scroll labelled YXZOAH ZUKH.
  1434 | D:1      | 1434 ||| READING scroll labelled LAOSOOQ JESE.
  1435 | D:1      | 1435 ||| DROPPING potion of magic.
  1495 | D:2      | Reached XP level 3. HP: 26/28 MP: 4/4
  1557 | D:2      | Reached skill level 3 in Unarmed Combat
  1562 | D:2      | Identified the +4 short sword of Youthful Indiscretion
                  | {freeze, Will+ Str+7}
  1680 | D:2      | Found Bisinic's Jewellery Shoppe.
  1699 | D:2      | 1699 ||| SHOPLISTING amulet of reflection (300 gold, have
                  | 13).
  1699 | D:2      | 1699 ||| SHOPLISTING amulet of the acrobat (300 gold, have
                  | 13).
  1699 | D:2      | 1699 ||| SHOPLISTING ring of protection from cold (250
                  | gold, have 13).
  1699 | D:2      | 1699 ||| SHOPLISTING ring of willpower (250 gold, have 13).
  1730 | D:2      | Reached XP level 4. HP: 31/35 MP: 5/5
  2020 | D:2      | Reached skill level 4 in Unarmed Combat
  2575 | D:2      | 2575 ||| UPGRADING to +2 pair of gloves.
  2580 | D:2      | 2580 ||| READING scroll labelled IGIVVETIHY.
  2581 | D:2      | 2581 ||| READING scroll labelled GOYKUR DICE.
  2586 | D:2      | 2586 ||| READING 2 scrolls of identify.
  2586 | D:2      | 2586 ||| IDENTIFYING bubbling ruby potion
  2587 | D:2      | 2587 ||| DROPPING potion of flight.
  2635 | D:3      | 2635 ||| FLEEEEING.
  2636 | D:3      | 2636 ||| FLEEEEING.
  2637 | D:3      | 2637 ||| FLEEEEING.
  2643 | D:3      | 2643 ||| STAIRDANCE
  2677 | D:3      | 2677 ||| Stepping ~*~*~tactically~*~*~ (stealth).
  2678 | D:3      | 2678 ||| Stepping ~*~*~tactically~*~*~ (stealth).
  2692 | D:3      | 2692 ||| Stepping ~*~*~tactically~*~*~ (stealth).
  2809 | D:3      | 2809 ||| Stepping ~*~*~tactically~*~*~ (hiding).
  2820 | D:3      | 2820 ||| Stepping ~*~*~tactically~*~*~ (outnumbered).
  2830 | D:3      | 2830 ||| Stepping ~*~*~tactically~*~*~ (outnumbered).
  2831 | D:3      | 2831 ||| Stepping ~*~*~tactically~*~*~ (outnumbered).
  2832 | D:3      | 2832 ||| Stepping ~*~*~tactically~*~*~ (outnumbered).
  2833 | D:3      | 2833 ||| Stepping ~*~*~tactically~*~*~ (outnumbered).
  2833 | D:3      | Slain by a kobold

Levels and vault maps discovered:
D:1:      elethiomel_arrival_maze, layout_loops_ring, serial_shops,
          nicolae_square_shop, basic_ecumenical_altar,
          chequers_decorated_corner, chequers_mini_garden,
          amcnicky_mini_rare_corridor_liquid, amcnicky_mini_pool_small,
          minivault_23, minmay_quantized
D:2:      layout_basic, serial_shops,
          nicolae_shop_temple_entry_statues_fountains
D:3:      layout_rooms, zin_academy, grunt_temple_overflow_open

Skill      XL: |  1  2  3  4 |
---------------+-------------+-----
Unarmed Combat | 1 2 3 4 |  4.1
Fighting       | 1 2 |  2.0
Dodging        | |  1.7
Stealth        | |  2.1
Spellcasting   | |  1.7
Conjurations   | |  0.7
Fire Magic     | |  2.4

Action                   |  1- 3 |  4- 6 || total
-------------------------+-------+-------++-------
Melee: Unarmed           |   119 |    80 ||   199
       Punch             |     2 |     2 ||     4
  Use: Scroll            |     5 |     3 ||     8
Armor: Scale mail        |    32 |    59 ||    91
       Robe              |     3 |       ||     3
Dodge: Dodged            |    60 |    28 ||    88

Table legend:
 A = Non-vault XP
 B = Vault XP
 C = Vault XP percentage of total XP
 D = Non-vault monster count
 E = Vault monster count
 F = Vault count percentage of total count
                 A         B        C        D         E       F
            +---------+---------+-------+---------+---------+-------
      Total |     152 |       4 |   2.6 |      40 |       3 |   7.0
            +---------+---------+-------+---------+---------+-------
        D:1 |      28 |       4 |  12.5 |      15 |       3 |  16.7
        D:2 |      93 |       0 |   0.0 |      14 |       0 |   0.0
        D:3 |      31 |       0 |   0.0 |      11 |       0 |   0.0
            +---------+---------+-------+---------+---------+-------
